 Dungeon Crawl Stone Soup version 0.20-a0-540-ge6d1839 (webtiles) character file.

4158 Amnesiac the Jinx (level 10, -3/63 HPs)
             Began as a Mummy Enchanter on Jan 29, 2017.
             Was an Initiate of Gozag.
             Killed by divine providence
             ... invoked by an orc priest
              (12 damage)
             ... on level 9 of the Dungeon.
             The game lasted 00:21:23 (12435 turns).

Amnesiac the Jinx (Mummy Enchanter)                Turns: 12435, Time: 00:21:24

Health: -3/63      AC:  6    Str: 12    XL:     10   Next: 7%
Magic:  11/23      EV: 12    Int: 20    God:    Gozag
Gold:   858        SH:  0    Dex: 13    Spells: 15/27 levels left

rFire    . . .     SeeInvis .   a - +1 dagger
rCold    + + .     Gourm    .   t - +2 robe {rC+ rF+}
rNeg     + + +     Faith    .   (no shield)
rPois    ∞         Spirit   .   (no helmet)
rElec    .         Reflect  .   l - +1 cloak {+Inv}
rCorr    .         Harm     .   (no gloves)
MR       +++..                  (no boots)
Stlth    +++.......             g - amulet of magic regeneration
Regen    0.2/turn               (no ring)
                                b - ring of the Mage {Wiz MR++ Int+3}

@: no status effects
A: no food or potions, fire vulnerability, cold resistance 1, negative energy
resistance 3, torment resistance, unbreathing
a: Potion Petition, Call Merchant, Bribe Branch, Renounce Religion, Evoke
Invisibility


You were on level 9 of the Dungeon.
You worshipped Gozag.
Gozag was pleased with you.
You were not hungry.

You visited 2 branches of the dungeon, and saw 10 of its levels.
You also visited: Ossuary.

You collected 1059 gold pieces.
You spent 92 gold pieces at shops.
You paid 109 gold pieces to Gozag.

Inventory:

Hand Weapons
 a - a +1 dagger (weapon)
 m - a +2 quarterstaff of chaos
 r - a +1 short sword of speed
 z - the +11 arbalest "Reusim" {elec, rF+, unknown}
   (You found it on level 8 of the Dungeon)

   It charges the ammunition it shoots with electricity; occasionally upon a
   hit, such missiles may discharge and cause terrible harm.
   It protects you from fire.
Armour
 l - a +1 cloak of invisibility (worn)
 t - a +2 robe of resistance (worn)
 y - the +2 leather armour of Dishonesty {*Drain Dex+3, unknown}
   (You found it on level 8 of the Dungeon)

   It affects your dexterity (+3).
   It causes draining when unequipped.
 B - a +0 pair of boots
Jewellery
 b - the ring of the Mage (left hand) {Wiz MR++ Int+3}
   (You found it on level 6 of the Dungeon)

   [ring of wizardry]

   It improves your spell success rate.
   It affects your intelligence (+3).
   It affects your resistance to hostile enchantments.
 g - an amulet of magic regeneration (around neck)
Wands
 j - a wand of random effects (32/48)
 u - a wand of digging (4/24)
 A - a wand of confusion (42/48)
Scrolls
 d - 5 scrolls of remove curse {unknown}
 e - 3 scrolls of enchant armour
 f - 6 scrolls of fog
 h - a scroll of fear
 i - 2 scrolls of noise
 k - 2 scrolls of blinking
 n - a scroll of immolation {unknown}
 o - 8 scrolls of identify
 p - 2 scrolls of amnesia {unknown}
 q - a scroll of summoning {unknown}
 s - 3 scrolls of recharging {unknown}
 v - a scroll of magic mapping {unknown}
 w - a scroll of vulnerability {unknown}
 x - a scroll of enchant weapon {unknown}
Books
 c - a book of Maledictions

   Spells                             Type                      Level
   a - Corona                         Hexes                        1
   b - Ensorcelled Hibernation        Hexes/Ice                    2
   c - Confuse                        Hexes                        3
   d - Tukima's Dance                 Hexes                        3
   e - Dazzling Spray                 Conjuration/Hexes            3


   Skills:
 - Level 5.0 Short Blades
 - Level 1.5 Dodging
 - Level 5.0 Stealth
 + Level 9.3 Spellcasting
 * Level 9.5 Hexes


You had 15 spell levels left.
You knew the following spells:

 Your Spells              Type           Power        Failure   Level  Hunger
a - Dazzling Spray        Conj/Hex       ####..       1%          3    N/A
e - Confuse               Hex            #####...     1%          3    N/A
f - Corona                Hex            #####..      1%          1    N/A
w - Tukima's Dance        Hex            #####...     1%          3    N/A
z - Ensorcelled Hibernat  Hex/Ice        ####..       1%          2    N/A

Dungeon Overview and Level Annotations

Branches:
Dungeon (9/15)             Temple (1/1) D:4            Lair (0/6) D:9
    Orc: D:9-12

Altars:
Ashenzari
Cheibriados
Dithmenos
Elyvilon
Fedhas
Gozag
Hepliaklqana
Kikubaaqudgha
Nemelex Xobeh
Okawaru
Qazlal
Ru
Sif Muna
Trog
Uskayaw
Vehumet
Yredelemnul
Zin
The Shining One

Shops:
D:5 *


Innate Abilities, Weirdness & Mutations

You do not eat or drink.
Your flesh is vulnerable to fire.
You are immune to poison.
Your flesh is cold resistant. (rC+)
You are immune to negative energy. (rN+++)
You are immune to unholy pain and torment.
You can survive without breathing.


Message History

a hand axe; 21 stones; a leather armour; a ring mail; a short sword The shadow imp hits something.
The shadow imp barely misses the yak.
The shadow imp barely misses something.
The shadow imp hits the orc priest but does no damage.
The orc priest invokes the aid of Beogh against you.
Beogh smites you!
* * * LOW HITPOINT WARNING * * *
There is an open door here.
There is an open door here.
Casting: Confuse
Confirm with . or Enter, or press ? or * to list all spells.
Aiming: Confuse
Press: ? - help, Shift-Dir - straight line, f - yak
Aim: a yak (lightly wounded, chance to defeat MR: 71%)
The yak struggles to resist.
The orc priest calls down the wrath of Beogh upon you.
Beogh smites you!
You die...
Your body crumbles into a pile of gold.

..#### #.......# #..........#
#....###.......# #....Y.o.###
####...'.......# #..o.Y...#
#####.......# ###o######
##'###### #YYY## #..# ###..#
## ##'######## ######)## .#
####.........####...%5..#
.###..'.........@.##.......##
.+...##.........#.##...oo...##
.######.....>...#Y##.........#
.# #.).......#Y##..Y......# .#
#.........#..#Y....!...# .#
#.).......##o#.........# .#
#.........##o'.......### ##
###'##########.Y.....# ## #.##
#......%#


You could see 2 yaks and 2 orc priests.

Vanquished Creatures
  A two-headed ogre (D:9)
  The ghost of kal9871 the Slasher, a novice DsSk (D:6)
  Grinder (D:3)
  A polar bear (D:9)
  2 yaks (D:9)
  Sigmund (D:6)
  Eustachio (D:5)
  An orc warrior (D:5)
  An ice beast (D:9)
  A phantom (D:6)
  A necrophage (D:8)
  4 ogres
  2 wolves (D:9)
  A centaur (D:5)
  4 bullfrogs
  2 scorpions
  A howler monkey (D:6)
  2 wights (D:5)
  A crimson imp (D:5)
  A human zombie (Ossuary)
  A centaur zombie (Ossuary)
  A hound (D:7)
  3 orc priests
  2 jellies (D:8)
  3 orc wizards
  4 iguanas (D:4)
  Natasha (thrice) (D:3)
  Terence (D:2)
  4 worker ants
  2 mummies (Ossuary)
  A worker ant zombie (D:5)
  15 adders
  2 shadow imps
  2 white imps (D:9)
  2 oozes (D:3)
  2 worms
  A dart slug (D:1)
  5 leopard geckos
  20 orcs
  8 giant cockroaches
  7 goblins
  13 hobgoblins
  9 jackals
  6 kobolds
  2 quokkas
  2 ball pythons
  9 bats
  7 frilled lizards
  3 gnoll zombies (Ossuary)
  4 goblin zombies (Ossuary)
  4 hobgoblin zombies (Ossuary)
  An orc zombie (Ossuary)
  11 rats
  A fungus (D:2)
191 creatures vanquished.

Vanquished Creatures (collateral kills)
  An ogre (D:6)
  Blork the orc (D:5)
  Crazy Yiuf (D:2)
3 creatures vanquished.

Vanquished Creatures (others)
  4 dancing weapons
4 creatures vanquished.

Grand Total: 198 creatures vanquished

Notes
Turn   | Place    | Note
-------+----------+-------------------------------------------
     0 | D:1      | Amnesiac the Mummy Enchanter began the quest for the Orb.
     0 | D:1      | Reached XP level 1. HP: 13/13 MP: 4/4
   345 | D:1      | Reached XP level 2. HP: 7/19 MP: 0/5
   548 | D:1      | Learned a level 2 spell: Ensorcelled Hibernation
   637 | D:1      | Reached skill level 1 in Short Blades
  1176 | D:1      | Reached XP level 3. HP: 24/24 MP: 3/7
  1405 | D:1      | Learned a level 3 spell: Confuse
  1992 | D:2      | Noticed Terence
  2637 | D:2      | Found a snail-covered altar of Cheibriados.
  2711 | D:2      | Learned a level 3 spell: Tukima's Dance
  3022 | D:2      | Killed Terence
  3022 | D:2      | Reached XP level 4. HP: 11/30 MP: 0/9
  3313 | D:2      | Found a runed door.
  3317 | D:2      | Noticed Crazy Yiuf
  3325 | D:2      | Killed Crazy Yiuf
  3546 | D:3      | Noticed Natasha
  3562 | D:3      | Killed Natasha
  3562 | D:3      | Reached XP level 5. HP: 10/35 MP: 2/10
  3982 | D:3      | Noticed Natasha
  3989 | D:3      | Killed Natasha
  5196 | D:3      | Noticed Grinder
  5321 | D:3      | Paralysed by Grinder for 6 turns
  5333 | D:3      | Paralysed by Grinder for 7 turns
  5346 | D:3      | Paralysed by Grinder for 6 turns
  5409 | D:3      | Noticed Natasha
  5540 | D:3      | Killed Natasha
  5540 | D:3      | Reached XP level 6. HP: 25/41 MP: 0/11
  5783 | D:3      | Paralysed by Grinder for 3 turns
  5815 | D:3      | Killed Grinder
  5917 | D:4      | Reached XP level 7. HP: 46/46 MP: 9/12
  5944 | D:4      | Reached skill level 5 in Short Blades
  6084 | D:4      | Found a sand-covered staircase.
  6160 | Ossuary  | Entered an ossuary
  6317 | Ossuary  | Learned a level 3 spell: Dazzling Spray
  7089 | D:4      | Found a staircase to the Ecumenical Temple.
  7162 | Temple   | Entered the Ecumenical Temple
  7463 | Temple   | Became a worshipper of Gozag Ym Sagoz the Greedy
  7709 | D:5      | Entered Level 5 of the Dungeon
  7786 | D:5      | Reached skill level 5 in Stealth
  7901 | D:5      | Reached skill level 5 in Hexes
  7901 | D:5      | Reached XP level 8. HP: 52/52 MP: 7/13
  8240 | D:5      | Noticed Blork the orc
  8530 | D:5      | Found Fitsusm's Assorted Antiques.
  8536 | D:5      | Bought a scroll labeled WAEROU MOHEIPPAN for 23 gold pieces
  8536 | D:5      | Bought a scroll labeled WAEROU MOHEIPPAN for 23 gold pieces
  8536 | D:5      | Bought a scroll labeled ULIAXZININ for 23 gold pieces
  8536 | D:5      | Bought a scroll labeled IHAAWE YSUHADDAE for 23 gold pieces
  8619 | D:5      | Reached skill level 5 in Spellcasting
  8628 | D:5      | Killed Blork the orc
  8669 | D:5      | Noticed Eustachio
  8781 | D:5      | Killed Eustachio
  9060 | D:5      | Found a radiant altar of Vehumet.
  9314 | D:6      | Noticed kal9871's ghost (novice DsSk)
  9348 | D:6      | Killed kal9871's ghost
  9622 | D:6      | Reached XP level 9. HP: 53/57 MP: 18/21
  9869 | D:6      | Noticed Sigmund
  9876 | D:6      | Killed Sigmund
 10292 | D:7      | Found a sacrificial altar of Ru.
 10680 | D:7      | Found a white marble altar of Elyvilon.
 11206 | D:8      | Found a glowing silver altar of Zin.
 11207 | D:8      | Found a glowing golden altar of the Shining One.
 11211 | D:8      | Found a sparkling altar of Nemelex Xobeh.
 11230 | D:8      | Found an ancient bone altar of Kikubaaqudgha.
 11280 | D:8      | Got an encrusted leather armour
 11401 | D:8      | Got a dazzling arbalest
 11676 | D:9      | Found a staircase to the Lair.
 11933 | D:9      | Noticed a polar bear
 11977 | D:9      | Noticed a two-headed ogre
 11999 | D:9      | Killed a two-headed ogre
 12207 | D:9      | Noticed a polar bear
 12218 | D:9      | Killed a polar bear
 12218 | D:9      | Reached XP level 10. HP: 46/63 MP: 21/23
 12435 | D:9      | Killed from afar by an orc priest

Vault maps used:
D:1:      dpeg_arrival_rhombus, minmay_tall_x
D:2:      overflow_temple_1_default, first_bread, uniq_terence,
          uniq_crazy_yiuf_cottage
D:3:      uniq_grinder, uniq_natasha
D:4:      minmay_temple_entry_poolview, enter_ossuary_1
D:5:      lemuel_crystal_altar, serial_shops,
          nicolae_shop_temple_entry_statues_fountains, sword_in_stone,
          uniq_blork_the_orc
D:6:      uniq_eustachio, uniq_sigmund
D:7:      nicolae_ru_awakened_eye, elyvilon_altar_5
D:8:      kennysheep_mini_moat, minitemple
D:9:      grunt_temple_overflow_champion_of_chaos, lair_entry_dummy,
          david_orc_2, serial_ice, serial_ice_e, serial_ice_o, serial_ice_m,
          serial_ice_b, serial_ice_l, serial_ice_c
Temple:   minmay_temple_forest_path
Ossuary:  minmay_ossuary_gauntlet

Skill      XL: |  1  2  3  4  5  6  7  8  9 |
---------------+----------------------------+-----
Hexes          | 3 4 5 6 9 |  9.5
Short Blades   | 1 3 4 5 |  5.0
Spellcasting   | 3 8 9 |  9.3
Stealth        | 5 |  5.0
Dodging        | |  1.5

Action                   |  1- 3 |  4- 6 |  7- 9 | 10-12 || total
-------------------------+-------+-------+-------+-------++-------
Melee: Dagger            |   142 |   142 |   325 |    14 ||   623
       Quarterstaff      |       |     4 |       |       ||     4
 Cast: Corona            |    13 |       |       |       ||    13
       Ensorcelled Hiber |    38 |    65 |    71 |    12 ||   186
       Confuse           |     2 |    13 |    71 |     5 ||    91
       Tukima's Dance    |     1 |     2 |    11 |       ||    14
  Use: Scroll            |       |     5 |       |       ||     5
 Stab: Sleeping          |    30 |    32 |    54 |     7 ||   123
       Confused          |       |     3 |    27 |       ||    30
Armor: Robe              |    22 |    36 |    58 |     4 ||   120
Dodge: Dodged            |    88 |   140 |   149 |    11 ||   388
